 Dungeon Crawl Stone Soup version 0.28.0-53-g5a82cb258f (webtiles) character file.

Game seed: 8135409734582983078

151 Scuddy the Changer (level 5, -16/37 HPs)
             Began as a Demonspawn Transmuter on July 4, 2022.
             Demolished by an ogre
             ... wielding a +0 giant club
              (31 damage)
             ... on level 3 of the Dungeon.
             The game lasted 00:03:23 (3001 turns).

Scuddy the Changer (Demonspawn Transmuter)          Turns: 3001, Time: 00:03:23

Health: -16/37     AC:  2    Str: 11    XL:     5   Next: 10%
Magic:  5/8        EV: 12    Int: 16    God:
Gold:   85         SH:  0    Dex: 13    Spells: 2/8 levels left

rFire   . . .      SeeInvis .     - Unarmed
rCold   . . .      Faith    .   (no shield)
rNeg    . . .      Spirit   .   a - +0 robe
rPois   .          Reflect  .   (helmet currently unavailable)
rElec   .          Harm     .   (no cloak)
rCorr   .          Rampage  .   (no gloves)
Will    .....                   (boots currently unavailable)
Stlth   +.........              (no amulet)
HPRegen 0.12/turn               (no ring)
MPRegen 0.11/turn               (no ring)

@: appendages (expiring), wereblooded
A: horns 2, talons 2, ignite blood 1
a: End Transformation


You were on level 3 of the Dungeon.
You had temporarily grown beastly horns and talons.
You visited 1 branch of the dungeon, and saw 3 of its levels.

You collected 127 gold pieces.
You spent 42 gold pieces at shops.

Inventory:

Armour
 a - a +0 robe (worn)
Scrolls
 c - a scroll of teleportation {unknown}
 e - a scroll of amnesia {unknown}
 f - a scroll of immolation {unknown}
Potions
 b - a potion of cancellation {unknown}
 d - a potion of degeneration {unknown}
 g - a potion of magic {unknown}
 h - a potion of curing
 i - 3 potions of mutation {unknown}


   Skills:
 - Level 1.0 Fighting
 - Level 1.7 Dodging
 + Level 3.4 Unarmed Combat
 - Level 2.0 Spellcasting
 * Level 4.1 Transmutations
 + Level 1.0 Poison Magic


You had 2 spell levels left.
You knew the following spells:

 Your Spells              Type           Power      Damage    Failure   Level
a - Beastly Appendage     Tmut           28%        N/A       3%          1
b - Wereblood             Tmut           14%        N/A       5%          2
c - Spider Form           Tmut/Pois      9%         N/A       22%         3

Your spell library contained the following spells:

 Spells                   Type           Power      Damage    Failure   Level
 Blink                    Tloc           2%         N/A       30%         2
 Lesser Beckoning         Tloc           1%         N/A       52%         3
 Tukima's Dance           Hex            1%         N/A       52%         3
 Ice Form                 Ice/Tmut       8%         N/A       65%         4
 Passage of Golubria      Tloc           1%         N/A       90%         4
 Yara's Violent Unravell  Hex/Tmut       4%         3d4       94%         5
 Manifold Assault         Tloc           1%         N/A       99%         5


Dungeon Overview and Level Annotations

Branches:
Dungeon (3/15)

Altars:

Shops:
D:1 *   D:2 !


Innate Abilities, Weirdness & Mutations

You have temporarily grown beastly horns and talons.
Your demonic aura sometimes causes spilled blood to erupt in flames.


Message History

You hit the kobold.
You kill the kobold!
No target in view!
No target in view!
Magic restored.
Your horns disappear.
Your talons disappear.
Things that are here:
a +0 dagger; 7 poisoned darts The ogre shouts!
You hear a shout!
An ogre is nearby!
An ogre is nearby!
An ogre is nearby!
Casting: Beastly Appendage (safe; 3% risk of failure)
Confirm with . or Enter, or press ? or * to list all spells.
Okay, then.
Casting: Beastly Appendage (safe; 3% risk of failure)
Confirm with . or Enter, or press ? or * to list all spells.
Your blood is infused with primal strength.
A kobold comes into view. It is wielding a +0 club.
Casting: Wereblood (safe; 5% risk of failure)
Confirm with . or Enter, or press ? or * to list all spells.
You grow a pair of large bovine horns.
Your feet morph into talons.
You hit the ogre. Your kick misses the ogre.
The ogre is lightly wounded.
The ogre barely misses you.
You hit the ogre. Your kick misses the ogre.
The ogre is moderately wounded.
You hit the ogre but do no damage. You claw the ogre!
The ogre is heavily wounded.
Your transformation is almost over.
The ogre misses you.
You hit the ogre but do no damage. You claw the ogre. You headbutt the ogre.
The ogre is almost dead.
The ogre hits you with a +0 giant club!!
Ouch! That really hurt!
You hit the ogre.
The ogre is almost dead.
The ogre hits you with a +0 giant club!!
Ouch! That really hurt!
You die...

##.####.#.# #.#
#...# .
#..####..##.#
######..........#
#.........†...#....
#.............##.
##....)..###..#
#......## #...
#...#..@K# ....
#...#.##O........
... #.# ........#
#.# #.# ....### .
#.##......
#.......#..# . ##
..........## #.##.
........#.. #.....
.#......


You could see an ogre and a kobold.

Vanquished Creatures
  A scorpion (D:3)
  A gnoll (D:1)
  2 adders (D:2)
  A dart slug (D:1)
  9 bats
  6 endoplasms
  2 giant cockroaches
  6 goblins
  4 hobgoblins
  7 jackals (D:1)
  3 quokkas (D:2)
  3 ball pythons
  2 frilled lizards (D:1)
  5 kobolds
  4 rats (D:1)
56 creatures vanquished.

Vanquished Creatures (others)
  4 toadstools (D:1)
4 creatures vanquished.

Grand Total: 60 creatures vanquished

Notes
Turn   | Place    | Note
-------+----------+-------------------------------------------
     0 | D:1      | Scuddy the Demonspawn Transmuter began the quest for the
                  | Orb.
     0 | D:1      | Reached XP level 1. HP: 15/15 MP: 3/3
    12 | D:1      | Reached skill level 2 in Transmutations
    75 | D:1      | Gained mutation: Your demonic aura sometimes causes spilled
                  | blood to erupt in flames. [demonic ancestry]
    75 | D:1      | Reached XP level 2. HP: 12/21 MP: 5/5
    78 | D:1      | Learned a level 2 spell: Wereblood
   607 | D:1      | Reached skill level 3 in Transmutations
   724 | D:1      | Reached XP level 3. HP: 25/26 MP: 4/6
   903 | D:1      | Found Vukuu's General Store.
  1583 | D:2      | Found Jawin's Distillery.
  1588 | D:2      | Bought a potion of curing for 42 gold pieces
  1922 | D:2      | Reached XP level 4. HP: 13/32 MP: 7/7
  2321 | D:2      | Found a faded altar of an unknown god.
  2725 | D:3      | Noticed a scorpion
  2760 | D:3      | Noticed an ogre
  2770 | D:2      | Learned a level 3 spell: Spider Form
  2800 | D:3      | Killed a scorpion
  2801 | D:3      | Reached skill level 4 in Transmutations
  2801 | D:3      | Reached skill level 1 in Poison Magic
  2801 | D:3      | Reached XP level 5. HP: 18/37 MP: 8/8
  3001 | D:3      | Demolished by an ogre

Illustrated notes

Levels and vault maps discovered:
D:1:      ldierk_walled_garden_2, layout_rooms, serial_shops,
          nicolae_shop_hallway_stairs, minmay_octomino_j4
D:2:      layout_rooms, serial_shops, shop, ebering_ecumenical_altar_abandoned
D:3:      layout_rooms

Skill      XL: |  1  2  3  4 |
---------------+-------------+-----
Transmutations | 2 3 4 |  4.1
Unarmed Combat | 3 |  3.4
Poison Magic   | 1 |  1.0
Fighting       | |  1.0
Dodging        | |  1.7
Spellcasting   | |  2.0

Action                   |  1- 3 |  4- 6 || total
-------------------------+-------+-------++-------
Melee: Unarmed           |   139 |    52 ||   191
       Kick              |    23 |    12 ||    35
       Punch             |     4 |     2 ||     6
       Headbutt          |     9 |     5 ||    14
 Cast: Beastly Appendage |    22 |     6 ||    28
       Wereblood         |       |     1 ||     1
  Use: Potion            |       |     1 ||     1
 Stab: Sleeping          |       |     1 ||     1
Armor: Robe              |    37 |     7 ||    44
Dodge: Dodged            |   107 |    29 ||   136
